8 Demon Hunter
3 Immolation
3 Evasion
1 Metamorphosis
1 Mana Burn
6 Keeper of the Grove
3 Thorns Aura
2 Entangling Roots
1 Tranquility
2 Priestess of the Moon
1 Searing Arrows
1 Trueshot Aura
» actions
| Assign group hotkey | 38 | |
| Basic commands | 27 | |
| Build / train | 149 | |
| Enter build submenu | 31 | |
| Enter hero's abilities submenu | 17 | |
| Give item / drop item | 5 | |
| Remove unit from queue | 18 | |
| Right click | 522 | |
| Select / deselect | 954 | |
| Select group hotkey | 172 | |
| Use ability | 157 | |
2091 total
» units
| Wisp | 26 | |
| Huntress | 39 | |
| Goblin Shredder | 1 | |
| Druid of the Claw | 2 | |
| Goblin Zeppelin | 5 | |
| Faerie Dragon | 2 | |
| Dryad | 3 | |
| Glaive Thrower | 4 | |
82 total
» upgrades
| Strength of the Moon | 3 | |
| Moon Armor | 3 | |
| Ultravision | 1 | |
| Sentinel | 1 | |
| Upgrade Moon Glaive | 1 | |
| Druid of the Claw Training | 2 | |
| Well Spring | 1 | |
| Reinforced Hides | 3 | |
| Mark of the Claw | 1 | |
| Marksmanship | 1 | |
| Improved Bows | 1 | |
| Abolish Magic | 1 | |
| Strength of the Wild | 1 | |
| Vorpal Blades | 1 | |
21 total
» buildings
| Altar of Elders | 2 | |
| Moon Well | 9 | |
| Ancient of War | 4 | |
| Hunter's Hall | 2 | |
| Tree of Ages | 3 | |
| Ancient of Wonders | 1 | |
| Ancient of Lore | 1 | |
| Tree of Eternity | 2 | |
| Tree of Life | 5 | |
| Ancient of Wind | 2 | |
31 total
» build order
00:06 Altar of Elders
00:57 Moon Well
01:07 Ancient of War
01:57 Moon Well
02:26 Hunter's Hall
03:42 Ancient of War
04:35 Moon Well
05:41 Moon Well
06:16 Tree of Ages
06:59 Moon Well
07:33 Ancient of Wonders
08:04 Moon Well
09:01 Ancient of Lore
10:11 Tree of Eternity
10:41 Moon Well
10:44 Moon Well
13:20 Tree of Life
17:37 Moon Well
19:35 Tree of Life
23:46 Tree of Life
24:00 Tree of Life
30:27 Ancient of Wind
35:04 Tree of Life
45:34 Tree of Ages
45:37 Tree of Ages
49:43 Tree of Eternity
49:52 Ancient of War
49:55 Ancient of War
49:58 Hunter's Hall
50:01 Altar of Elders
50:08 Ancient of Wind
» items
| Orb of Venom | 3 | |
| Scroll of Town Portal | 1 | |
4 total